Map: Dusk Towers

Players

Miszu

  • Race: Terran Terran
  • League: Grandmaster

IIIIIllll - Winner!

  • Race: Protoss Protoss
  • League: Grandmaster

VOD

Have the link to the VOD?

Description

Time

  • Played on: Feb. 23, 2016, 2:53 p.m.
  • Length: 14:47
Show
View Real Time Build Order
Export as new Build Order

Miszu Terran 

Build Orders: Hellion Opening 

Get SALT Encoding   

  12  0:00  SCV  
  13  0:13  SCV  
  14  0:17  Supply Depot  
  14  0:25  SCV  
  15  0:38  SCV  
  15  0:41  Barracks  
  16  0:46  Refinery  
  16  0:51  SCV  
  17  1:03  SCV  
  18  1:15  SCV  
  19  1:30  Orbital Command  
  19  1:32  Marine  
  20  1:38  Command Center  
  20  1:47  Supply Depot  
  20  1:55  SCV  
  20  2:00  Factory  
  21  2:07  SCV  
  21  2:08  Barracks Reactor  
  22  2:20  SCV  
  23  2:23  Refinery  
  23  2:32  SCV  
  24  2:44  SCV  
  25  2:45  Factory  
  25  2:52  Orbital Command  
  25  2:53  Hellion  
  25  2:54  Hellion  
  25  2:56  SCV  
  25  2:57  Barracks Reactor  
  30  3:04  Supply Depot  
  30  3:08  SCV  
  31  3:15  Hellion x2  
  31  3:18  SCV  
  36  3:20  Factory  
  36  3:25  SCV  
  37  3:30  SCV  
  38  3:37  SCV  
  38  3:40  Hellion x2  
  38  3:41  Hellion  
  45  3:42  SCV  
  45  3:46  Hellion  
  48  3:49  SCV  
  46  4:01  Widow Mine  
  41  4:19  Hellion  
  41  4:33  Hellion x2  
  41  4:39  Hellion  
  41  4:40  Hellion  
  41  4:42  SCV  
  41  4:43  SCV  
  45  4:55  Hellion, SCV  
  48  5:13  Hellion x2  
  48  5:14  Hellion  
  54  5:20  SCV  
  49  5:22  SCV  
  50  5:32  SCV  
  50  5:34  Widow Mine, SCV  
  50  5:35  Widow Mine  
  49  5:36  Widow Mine x2  
  51  5:44  SCV  
  51  5:47  SCV  
  29  6:17  SCV  
  23  6:19  SCV  
  30  6:30  SCV  
  30  6:31  SCV  
  30  6:37  Widow Mine x4  
  28  6:42  SCV  
  28  6:43  Widow Mine  
  28  6:44  SCV  
  32  6:54  SCV  
  33  6:56  SCV  
  34  7:06  SCV  
  37  7:08  SCV  
  38  7:18  SCV  
  38  7:20  SCV  
  32  7:30  SCV  
  32  7:33  SCV  
  32  7:35  Factory Tech Lab  
  30  7:42  SCV  
  31  7:45  SCV  
  32  7:53  Command Center  
  32  7:54  SCV  
  32  7:57  SCV  
  36  7:58  Hellion  
  36  7:59  Hellion x3  
  42  8:06  SCV  
  42  8:08  Supply Depot  
  42  8:09  SCV  
  44  8:18  SCV  
  45  8:21  SCV  
  46  8:27  Siege Tank  
  46  8:30  SCV  
  46  8:33  SCV  
  51  8:35  Refinery  
  51  8:38  Refinery  
  51  8:43  SCV  
  51  8:45  SCV  
  55  8:48  Hellion  
  55  8:53  Supply Depot  
  55  8:55  SCV  
  54  8:57  SCV  
  55  9:07  SCV  
  55  9:09  SCV  
  58  9:11  Orbital Command  
  58  9:12  Siege Tank  
  58  9:19  SCV  
  58  9:21  SCV  
  60  9:29  Hellion x2  
  65  9:31  SCV  
  65  9:34  SCV  
  65  9:36  Armory  
  66  9:43  SCV, Orbital Command  
  65  9:46  SCV  
  65  9:48  Siege Tank  
  65  9:49  Hellion  
  71  9:55  SCV  
  71  9:58  Hellion x3, SCV  
  77  10:07  SCV  
  77  10:12  SCV  
  77  10:13  SCV  
  80  10:15  Factory x2  
  80  10:18  Supply Depot  
  80  10:19  SCV  
  81  10:25  SCV  
  82  10:33  Hellion, Siege Tank  
  85  10:38  Terran Vehicle Weapons Level 1  
  85  10:39  SCV x3  
  85  10:40  Hellion x2  
  92  10:50  Supply Depot  
  92  10:51  SCV  
  92  10:52  Supply Depot  
  93  10:58  Factory Tech Lab x2  
  93  11:06  Refinery, SCV x3  
  91  11:14  Hellion x2  
  91  11:15  Hellion x3  
  91  11:16  Siege Tank  
  91  11:17  Siege Tank  
  107  11:19  SCV x2  
  109  11:30  SCV  
  109  11:31  SCV  
  109  11:39  Infernal Pre-Igniter  
  109  11:44  Supply Depot x3  
  109  11:45  Hellion  
  109  11:47  Hellion x2  
  109  11:51  Hellion  
  109  12:00  Siege Tank x2, SCV x2  
  117  12:01  SCV  
  117  12:02  Refinery  
  117  12:05  Siege Tank  
  117  12:08  Hellion x3  
  123  12:12  SCV x2  
  123  12:13  SCV  
  126  12:21  Supply Depot  
  126  12:24  SCV  
  126  12:27  Supply Depot, SCV x2  
  129  12:32  Siege Tank  
  129  12:36  Hellion x3, Siege Tank  
  141  12:42  SCV x2  
  141  12:44  Cyclone  
  146  12:51  SCV  
  145  12:55  SCV x2  
  144  13:01  Starport  
  144  13:04  Starport, Siege Tank  
  144  13:05  Starport  
  147  13:16  Armory  
  147  13:17  Cyclone x2  
  147  13:19  Mag-Field Accelerator  
  153  13:30  Command Center  
  150  13:41  Viking x3  
  157  14:35  Supply Depot  
  157  14:36  Supply Depot x2  
  157  14:37  Supply Depot x2  
  150  14:38  Supply Depot  
Show
View Real Time Build Order
Export as new Build Order

IIIIIllll Protoss - Winner!

Build Orders: 1 Gate Expand, Oracle Opening 

Get SALT Encoding   

  12  0:01  Probe (Chrono Boost)  
  13  0:11  Probe (Chrono Boost)  
  14  0:17  Pylon  
  14  0:22  Probe (Chrono Boost)  
  15  0:35  Probe (Chrono Boost)  
  16  0:37  Gateway  
  16  0:45  Probe (Chrono Boost)  
  17  0:52  Assimilator  
  17  0:56  Probe (Chrono Boost)  
  18  1:07  Probe (Chrono Boost)  
  19  1:21  Nexus  
  19  1:24  Probe (Chrono Boost)  
  20  1:35  Cybernetics Core  
  20  1:38  Probe (Chrono Boost)  
  21  1:45  Assimilator  
  21  1:49  Probe (Chrono Boost)  
  21  1:53  Pylon  
  22  1:59  Probe (Chrono Boost)  
  23  2:11  Adept (Chrono Boost), Probe (Chrono Boost)  
  26  2:20  Stargate  
  26  2:23  Probe (Chrono Boost)  
  27  2:33  Probe (Chrono Boost)  
  27  2:35  Probe (Chrono Boost)  
  31  2:44  Mothership Core (Chrono Boost)  
  31  2:46  Probe (Chrono Boost)  
  32  2:59  Probe (Chrono Boost)  
  32  3:02  Probe (Chrono Boost)  
  34  3:06  Oracle (Chrono Boost)  
  34  3:09  Probe  
  38  3:16  Nexus  
  38  3:17  Probe  
  39  3:21  Probe  
  39  3:26  Pylon  
  40  3:28  Probe  
  40  3:33  Probe  
  42  3:38  Oracle (Chrono Boost)  
  42  3:39  Probe  
  42  3:40  Pylon  
  46  3:44  Warp Gate  
  46  3:48  Probe  
  47  3:56  Probe  
  47  4:00  Probe  
  49  4:06  Probe  
  49  4:09  Gateway  
  46  4:12  Probe  
  46  4:13  Oracle (Chrono Boost)  
  47  4:18  Probe  
  48  4:24  Assimilator, Probe  
  49  4:31  Probe  
  49  4:38  Probe  
  48  4:41  Probe  
  48  4:42  Stalker (Chrono Boost)  
  48  4:45  Gateway  
  48  4:48  Probe  
  49  4:54  Probe  
  49  4:55  Probe  
  47  5:09  Stalker (Chrono Boost)  
  47  5:10  Probe x2  
  47  5:13  Oracle  
  45  5:22  Probe  
  45  5:24  Probe x2  
  48  5:34  Probe  
  49  5:35  Probe  
  49  5:37  Twilight Council, Probe  
  51  5:46  Probe  
  49  5:51  Probe  
  46  5:59  Stalker  
  46  6:01  Probe  
  46  6:02  Probe x2  
  42  6:13  Probe (Chrono Boost)  
  42  6:15  Probe (Chrono Boost)  
  39  6:19  Blink (Chrono Boost)  
  39  6:20  Probe (Chrono Boost)  
  39  6:25  Probe (Chrono Boost)  
  37  6:33  Probe (Chrono Boost)  
  37  6:34  Probe (Chrono Boost)  
  37  6:39  Probe (Chrono Boost)  
  36  6:45  Probe (Chrono Boost)  
  38  6:47  Probe (Chrono Boost)  
  38  6:51  Probe (Chrono Boost)  
  39  6:56  Probe (Chrono Boost)  
  39  6:59  Probe (Chrono Boost)  
  41  7:06  Robotics Facility  
  42  7:08  Probe (Chrono Boost)  
  42  7:11  Probe (Chrono Boost)  
  43  7:22  Probe (Chrono Boost)  
  42  7:28  Probe x2 (Chrono Boost)  
  44  7:32  Stalker x2  
  44  7:33  Stalker  
  44  7:36  Probe (Chrono Boost)  
  51  7:39  Probe (Chrono Boost)  
  51  7:41  Probe (Chrono Boost)  
  53  7:50  Probe x2 (Chrono Boost)  
  54  7:51  Probe (Chrono Boost)  
  54  7:54  Observer (Chrono Boost)  
  57  7:59  Pylon  
  57  8:00  Mothership Core  
  57  8:01  Probe  
  57  8:02  Probe  
  57  8:04  Assimilator  
  61  8:13  Probe  
  61  8:14  Probe  
  61  8:17  Observer (Chrono Boost)  
  61  8:20  Probe  
  61  8:24  Probe  
  61  8:25  Gateway  
  61  8:26  Forge  
  63  8:28  Probe  
  63  8:30  Pylon  
  63  8:31  Probe  
  63  8:33  Resonating Glaives (Chrono Boost)  
  65  8:37  Probe  
  65  8:40  Probe  
  67  8:50  Stalker x3, Probe  
  67  8:52  Probe  
  74  9:01  Protoss Ground Weapons Level 1, Probe  
  73  9:03  Forge  
  73  9:07  Probe  
  72  9:11  Probe  
  73  9:18  Observer, Photon Cannon  
  73  9:20  Gateway  
  73  9:22  Probe  
  75  9:24  Stalker  
  75  9:25  Stalker, Probe  
  75  9:30  Pylon, Probe  
  81  9:40  Protoss Ground Armor Level 1 (Chrono Boost)  
  78  9:47  Probe  
  78  9:49  Assimilator  
  79  9:53  Assimilator  
  79  9:57  Robotics Bay  
  79  9:59  Pylon  
  79  10:02  Stalker x3  
  79  10:04  Probe  
  82  10:10  Probe  
  83  10:18  Oracle (Chrono Boost)  
  83  10:20  Nexus  
  86  10:21  Pylon  
  86  10:22  Probe  
  87  10:31  Probe  
  86  10:35  Stalker  
  86  10:36  Adept x3  
  86  10:41  Pylon  
  94  10:44  Colossus (Chrono Boost)  
  94  10:46  Extended Thermal Lance  
  100  10:53  Probe  
  100  10:54  Pylon  
  101  11:11  Probe  
  94  11:12  Fleet Beacon  
  94  11:15  Stargate, Probe  
  94  11:17  Stargate  
  95  11:19  Assimilator  
  95  11:21  Adept  
  95  11:22  Adept x4  
  97  11:41  Probe  
  97  11:43  Stalker x4, Protoss Ground Weapons Level 2 (Chrono Boost)  
  102  12:02  Tempest (Chrono Boost), Assimilator  
  102  12:03  Tempest (Chrono Boost)  
  102  12:04  Protoss Ground Armor Level 2  
  108  12:15  Pylon  
  108  12:18  Gateway  
  108  12:20  Gateway  
  108  12:25  Adept x4  
  116  12:34  Protoss Air Weapons Level 1  
  115  12:39  Probe  
  115  12:40  Tempest (Chrono Boost)  
  115  12:43  Tempest (Chrono Boost)  
  124  13:01  Templar Archives  
  124  13:03  Gateway  
  124  13:11  Stalker x4  
  132  13:14  Warp Prism  
  132  13:17  Tempest (Chrono Boost)  
  132  13:19  Adept x2  
  140  13:36  Tempest (Chrono Boost)  
  140  13:41  High Templar x2  
  148  13:42  Adept x4  
  148  13:45  Archon  
  156  13:51  Stargate  
  156  14:04  Pylon  
  156  14:15  Pylon  
  172  14:44  Adept  
Tags
 
Add a new tag
Caveats
  • Supply blocks, unpowered buildings, or Contaminate may cause inaccurate times.
  • Supply counts are checked every 10 seconds.